Map: Dédale EC

Players

ShaDoWn - Winner!

  • Race: Protoss Protoss
  • League: Grandmaster
  • Spawn Location: 7:00

YoGo

  • Race: Zerg Zerg
  • League: Grandmaster
  • Spawn Location: 1:00

Event: HomeStory Cup XVII

VOD

Have the link to the VOD?

Description

Time

  • Played on: June 28, 2018, 3:49 p.m.
  • Length: 13:11

All games in this series

Show
View Real Time Build Order
Export as new Build Order

ShaDoWn Protoss - Winner!

Build Orders: 1 Gate Expand, Oracle Opening, Phoenix Opening, Archon Immortal, Zealot Archon, Archon Drop 

Get SALT Encoding   

  12  0:00  Probe  
  13  0:12  Probe  
  14  0:19  Pylon  
  14  0:24  Probe  
  15  0:34  Probe  
  15  0:38  Gateway  
  15  0:42  Probe  
  16  0:47  Assimilator  
  17  0:51  Probe  
  18  1:03  Probe  
  19  1:15  Probe  
  20  1:23  Nexus  
  20  1:32  Cybernetics Core  
  20  1:35  Probe  
  21  1:43  Assimilator  
  21  1:47  Probe  
  21  1:49  Pylon  
  22  1:59  Adept, Probe  
  23  2:11  Probe  
  26  2:20  Stargate  
  26  2:23  Probe  
  26  2:25  Adept  
  29  2:33  Probe  
  29  2:34  Probe  
  29  2:35  Warp Gate  
  30  2:41  Probe  
  30  2:42  Probe  
  33  2:51  Probe  
  33  2:53  Gateway, Probe  
  33  2:57  Phoenix  
  35  3:03  Probe  
  39  3:05  Probe  
  39  3:12  Pylon  
  39  3:15  Probe  
  39  3:17  Probe  
  41  3:21  Oracle  
  44  3:27  Probe  
  44  3:29  Probe  
  46  3:38  Probe  
  46  3:39  Probe  
  45  3:41  Assimilator  
  45  3:43  Assimilator  
  45  3:46  Probe, Robotics Facility  
  46  3:51  Probe  
  46  3:55  Pylon  
  48  3:56  Probe  
  48  3:58  Twilight Council  
  49  4:04  Probe  
  49  4:08  Probe  
  51  4:13  Gateway  
  51  4:16  Gateway, Probe  
  52  4:20  Probe, Pylon  
  53  4:25  Warp Prism  
  53  4:28  Probe  
  54  4:32  Probe  
  54  4:38  Templar Archives  
  57  4:50  Zealot  
  57  4:52  Zealot  
  61  4:54  Nexus  
  61  4:58  Pylon  
  61  5:00  Probe  
  61  5:01  Probe, Observer  
  64  5:12  Probe  
  64  5:13  Probe  
  66  5:15  Forge  
  66  5:23  High Templar, Pylon  
  66  5:24  High Templar x3, Probe  
  66  5:26  Probe  
  66  5:27  Archon  
  66  5:28  Archon  
  76  5:37  Gateway  
  76  5:38  Gateway  
  76  5:40  Gateway  
  76  5:42  Gateway  
  75  5:46  Immortal  
  75  5:55  Probe  
  80  5:59  Probe  
  80  6:01  Robotics Facility  
  81  6:04  Probe  
  81  6:07  Probe, Sentry x2  
  81  6:08  Probe  
  87  6:12  Probe, Protoss Ground Weapons Level 1  
  87  6:17  Probe  
  89  6:19  Probe  
  89  6:21  Probe  
  89  6:25  Immortal  
  96  6:26  Assimilator  
  96  6:29  Probe  
  96  6:30  Assimilator  
  97  6:38  Probe x2  
  99  6:42  Pylon x3  
  99  6:46  Psionic Storm  
  99  6:48  Charge  
  99  6:50  Immortal  
  99  6:53  Probe  
  100  6:56  Immortal  
  104  7:03  Probe  
  104  7:06  Shield Battery  
  104  7:07  Photon Cannon  
  109  7:26  Zealot x8  
  120  7:41  Immortal  
  117  7:48  Zealot x5  
  117  7:49  Zealot x2  
  115  7:53  Probe  
  114  8:02  Probe  
  115  8:08  Pylon x2  
  115  8:12  Immortal  
  117  8:14  Nexus  
  117  8:15  Protoss Ground Weapons Level 2  
  117  8:16  Pylon  
  117  8:17  Zealot  
  115  8:21  Pylon  
  115  8:23  Probe x2  
  115  8:24  Pylon  
  115  8:26  Immortal, Probe  
  122  8:29  High Templar x4  
  122  8:31  Zealot  
  130  8:35  Probe  
  131  8:51  Immortal  
  131  8:53  Nexus  
  135  9:00  Pylon  
  135  9:01  Sentry  
  135  9:05  Immortal  
  135  9:07  Oracle  
  135  9:09  Adept  
  143  9:10  High Templar, Zealot  
  143  9:11  Zealot  
  147  9:21  Probe  
  147  9:23  Pylon  
  148  9:26  Shield Battery  
  148  9:27  Photon Cannon  
  148  9:28  Probe  
  148  9:49  Nexus, Pylon  
  148  9:50  Pylon  
  148  9:51  Pylon  
  148  10:02  Pylon  
  148  10:03  Pylon  
  148  10:04  Pylon x2  
  148  10:05  Immortal, Probe, Observer  
  154  10:07  Zealot x3  
  154  10:08  Zealot x2  
  164  10:21  Zealot  
  166  10:22  Zealot x2  
  166  10:35  Zealot x5  
  162  10:45  Zealot x3  
  140  11:00  Zealot  
  140  11:01  Zealot x4  
  136  11:10  Immortal  
  136  11:11  Immortal  
  118  11:27  High Templar x8  
  134  11:43  Immortal x2  
  142  11:59  Zealot x3  
  142  12:00  Zealot x5  
  152  12:08  Archon  
  152  12:20  Nexus, Zealot x2  
  152  12:21  Zealot x2  
  152  12:22  Zealot x4  
  150  12:31  Pylon  
  152  12:39  High Templar x3  
  152  12:41  High Templar x2  
  152  12:42  Zealot x2  
  166  12:59  Zealot  
Show
View Real Time Build Order
Export as new Build Order

YoGo Zerg 

Build Orders: Hatch First, Swarm Host 

Get SALT Encoding   

  12  0:00  Drone  
  13  0:15  Overlord  
  13  0:18  Drone  
  14  0:34  Drone x2  
  16  0:48  Hatchery  
  15  0:51  Drone  
  15  0:56  Drone  
  17  1:00  Drone  
  18  1:10  Extractor  
  17  1:14  Spawning Pool  
  17  1:17  Drone  
  17  1:20  Drone  
  18  1:32  Drone  
  19  1:42  Drone  
  20  1:53  Overlord  
  20  2:01  Queen x2  
  20  2:05  Zergling x2  
  20  2:06  Zergling x2  
  26  2:09  Metabolic Boost  
  26  2:14  Drone x2  
  28  2:22  Drone  
  29  2:25  Drone  
  30  2:35  Hatchery  
  29  2:40  Drone  
  29  2:42  Drone  
  31  2:47  Overlord  
  31  2:50  Drone  
  32  2:56  Drone  
  32  2:57  Drone  
  34  2:59  Queen  
  36  3:07  Drone  
  36  3:10  Overlord  
  36  3:11  Drone x3  
  40  3:18  Overlord  
  40  3:19  Drone  
  41  3:20  Drone  
  41  3:23  Drone  
  43  3:31  Drone  
  43  3:37  Drone x2  
  43  3:40  Zergling x2  
  45  3:44  Queen  
  45  3:46  Spore Crawler  
  45  3:47  Spore Crawler  
  45  3:48  Drone x4  
  49  3:54  Drone x2  
  51  3:56  Spore Crawler  
  51  4:00  Lair  
  51  4:01  Drone  
  51  4:02  Drone  
  52  4:04  Drone  
  52  4:05  Drone  
  52  4:09  Drone x2  
  56  4:17  Roach Warren  
  56  4:18  Drone x2  
  56  4:21  Overlord  
  56  4:22  Overlord  
  56  4:32  Drone  
  56  4:33  Drone  
  56  4:38  Extractor x2  
  54  4:39  Extractor  
  54  4:44  Drone x3  
  54  4:45  Drone x3  
  58  4:48  Drone x3  
  58  4:50  Overlord x2  
  61  4:53  Zergling x6  
  61  4:57  Drone  
  61  4:59  Glial Reconstitution  
  65  5:05  Overlord  
  65  5:09  Drone x5  
  65  5:11  Extractor  
  65  5:12  Drone  
  65  5:13  Drone x2  
  72  5:16  Roach  
  72  5:17  Roach  
  76  5:24  Roach x4  
  84  5:30  Queen x2  
  84  5:34  Pneumatized Carapace  
  88  5:36  Roach  
  89  5:49  Roach  
  89  5:50  Overlord x2  
  89  5:53  Overlord x2  
  89  5:55  Overlord x2  
  87  6:01  Overlord x3  
  87  6:03  Roach  
  89  6:06  Roach  
  89  6:09  Roach x5  
  89  6:10  Roach  
  102  6:17  Roach x2  
  106  6:22  Roach x2  
  106  6:25  Queen  
  110  6:28  Roach  
  110  6:29  Roach x3  
  120  6:39  Roach  
  130  6:40  Roach x4  
  130  6:47  Roach x3, Infestation Pit  
  129  6:53  Roach  
  137  6:55  Queen x2  
  141  7:04  Zergling x16  
  149  7:11  Zergling x2  
  150  7:21  Zergling x6  
  151  7:25  Zergling x4  
  151  7:29  Zergling x8  
  153  7:42  Zergling x2  
  153  7:43  Zergling x8  
  131  7:50  Swarm Host x3  
  124  7:56  Swarm Host x2  
  126  8:02  Swarm Host  
  126  8:03  Swarm Host x2, Evolution Chamber  
  134  8:10  Hatchery  
  134  8:12  Swarm Host x3  
  132  8:20  Swarm Host x3  
  132  8:26  Overseer  
  132  8:27  Swarm Host x4  
  139  8:29  Overlord x2  
  148  8:39  Overlord x2  
  145  8:46  Roach  
  145  8:47  Overlord x3  
  144  8:54  Zerg Missile Weapons Level 1  
  144  8:55  Overlord x2  
  144  8:56  Roach x2  
  144  8:57  Roach  
  150  9:03  Roach x2, Extractor  
  150  9:06  Roach  
  150  9:08  Roach  
  152  9:14  Roach  
  152  9:16  Roach  
  154  9:20  Roach  
  154  9:22  Roach  
  154  9:23  Roach  
  156  9:30  Roach x6  
  168  9:35  Roach x4  
  178  9:45  Roach  
  178  9:46  Roach x3  
  178  9:51  Ravager x7  
  191  10:01  Roach  
  191  10:02  Roach x3  
  191  10:06  Zergling x2  
  200  10:11  Overlord x2  
  190  10:23  Roach x3  
  190  10:24  Roach x3  
  176  10:29  Roach x10  
  176  10:30  Roach x2  
  176  10:34  Roach  
  197  10:36  Roach  
  188  10:46  Roach x2  
  188  10:47  Roach  
  129  11:04  Roach x4  
  129  11:08  Roach  
  129  11:10  Roach  
  124  11:18  Queen  
  124  11:34  Roach x5  
  134  11:42  Lair  
  134  11:48  Ravager  
  134  11:49  Ravager  
  134  11:51  Roach  
  138  11:57  Roach  
  132  12:18  Roach x5  
  132  12:21  Overlord  
  101  12:28  Roach x2  
  103  12:33  Roach  
  102  12:38  Roach  
  102  12:42  Roach  
  106  12:47  Roach  
  106  12:50  Roach  
Tags
 
Add a new tag
Caveats
  • Supply blocks, unpowered buildings, or Contaminate may cause inaccurate times.
  • Supply counts are checked every 10 seconds.